 Dungeon Crawl Stone Soup version 0.32-a0-900-g30fb1b0edc (webtiles) character file.

Game seed: 10355214214528225697

16958 ezpacito the Cleaver (level 12, -7/92 HPs)
             Began as a Coglin Chaos Knight on Apr 3, 2024.
             Was a Plaything of Xom.
             Mangled by a two-headed ogre
             ... wielding a +0 giant club
              (13 damage)
             ... on level 13 of the Dungeon on Apr 5, 2024.
             The game lasted 00:23:49 (11872 turns).

ezpacito the Cleaver (Coglin Chaos Knight)         Turns: 11872, Time: 00:23:50

Health: -7/92      AC: 15    Str: 27    XL:     12   Next: 43%
Magic:  6/6        EV: 13    Int: 14    God:    Xom [...*..]
Gold:   498        SH:  4    Dex: 12    Spells: 0/19 levels left

rFire   x . .        d - +5 hammer of Bloody Death {venom, Int+5}
rCold   . . .        s - +9 spear of Ru's Supremacy {antimagic, rPois rF- rCorr Str+5}
rNeg    . . .        m - +2 acid dragon scales
rPois   +            M - +0 helmet
rElec   +            b - +0 cloak
rCorr   +            f - +0 pair of gloves
SInv    .            x - +0 pair of boots
Will    +....        (amulet unavailable)
Stlth   ++           (ring unavailable)
HPRegen 0.35/turn    (ring unavailable)
MPRegen 0.10/turn    (no gizmo)

%: no passive effects
@: revving
A: off-hand wielding, slow wielding, warmup strikes, no jewellery, large bone
plates 1, dopey 1, strong-willed 1, electricity resistance, strong 1, MP-powered
wands
a: Invent Gizmo, Renounce Religion


You were on level 13 of the Dungeon.
You worshipped Xom.
You were a favourite toy of Xom.
You visited 2 branches of the dungeon, and saw 14 of its levels.

You collected 659 gold pieces.
You spent 161 gold pieces at shops.

Inventory:

Hand Weapons
 a - a +0 hand axe of chaos {Xochitl}
 d - the +5 hammer of Bloody Death (weapon) {venom, Int+5}
   (You found it on level 2 of the Dungeon)

   Int+5:     It affects your intelligence (+5).
 q - a +0 trident
 s - the +9 spear of Ru's Supremacy (offhand) {antimagic, rPois rF- rCorr Str+5}
   (You found it on level 2 of the Dungeon)

   Str+5:     It affects your strength (+5).
   rF-:       It makes you vulnerable to fire.
   rPois:     It protects you from poison.
   rCorr:     It protects you from acid and corrosion.
 G - a +2 broad axe of venom
Missiles
 k - 8 javelins (quivered)
 C - 2 atropa-tipped darts
 J - 22 poisoned darts
 O - 3 boomerangs
 R - 2 throwing nets
Armour
 b - a +0 cloak (worn)
 f - a +0 pair of gloves (worn)
 l - +0 steam dragon scales
 m - +2 acid dragon scales (worn)
 v - a +0 ring mail of cold resistance
 x - a +0 pair of boots (worn)
 I - +0 swamp dragon scales
 M - a +0 helmet (worn)
Magical Staves
 j - a staff of fire
Wands
 c - a wand of mindburst (2)
 o - a wand of warping (3)
 L - a wand of charming (13)
 N - a wand of polymorph (2)
 P - a wand of flame (35)
Scrolls
 g - a scroll of fear
 i - 2 scrolls of identify
 t - 3 scrolls of teleportation
 y - 2 scrolls of noise
 A - 4 scrolls of amnesia
 Q - a scroll of poison
Potions
 e - 3 potions of enlightenment
 h - 2 potions of haste
 p - a potion of lignification
 u - 3 potions of cancellation
 w - 2 potions of mutation
 z - 3 potions of brilliance
 F - a potion of magic
Miscellaneous
 E - a phantom mirror


   Skills:
 * Level 8.0 Fighting
 * Level 8.2(9.4) Axes
 * Level 6.5(8.1) Polearms
 * Level 7.1 Armour
 * Level 6.7 Dodging
 - Level 4.0 Stealth
 + Level 4.0 Spellcasting
 + Level 2.2 Conjurations
 + Level 1.6 Necromancy
 - Level 4.1 Fire Magic
 + Level 2.1 Ice Magic
 + Level 2.0 Earth Magic
 + Level 3.7 Alchemy
 + Level 6.2 Evocations


You couldn't memorise any spells.
You knew the following spells:

 Your Spells              Type           Power      Damage    Failure   Level
a - Fulminant Prism       Conj/Alch      5%         3d7       56%         4
b - Sculpt Simulacrum     Ice/Alch       5%         N/A       100%        6
c - Petrify               Alch/Erth      10%        N/A       56%         4
d - Mercury Vapours       Alch/Air       16%        N/A       16%         2
x - Vampiric Draining     Necr           7%         2d6       34%         3

Your spell library contained the following spells:

 Spells                   Type           Power      Damage    Failure   Level
 Necrotise                Necr           28%        1d5       12%         1
 Sublimation of Blood     Necr           7%         N/A       19%         2
 Volatile Blastmotes      Fire/Tloc      16%        2d11      28%         3
 Mephitic Cloud           Conj/Alch/Air  8%         N/A       30%         3
 Iskenderun's Mystic Bla Conj/Tloc 5%             2d3        (+2d1     82%         4
 Martyr's Knell           Necr/Summ      5%         N/A       86%         4
 Irradiate                Conj/Alch      5%         3d13      88%         5
 Curse of Agony           Necr           7%         N/A       97%         5
 Freezing Cloud           Conj/Ice/Air   3%         6-21      98%         5
 Ozocubu's Refrigeration  Ice            4%         4d8       100%        7
 Polar Vortex             Ice            4%         N/A       100%        9


Dungeon Overview and Level Annotations

Branches:
Dungeon (13/15)            Temple (1/1) D:6            Lair (0/5) D:8
    Orc (0/2) D:11
 Vaults: D:13-14

Altars:
Ashenzari
Cheibriados
Dithmenos
Elyvilon
Fedhas
Gozag
Hepliaklqana
Kikubaaqudgha
Makhleb
Nemelex Xobeh
Okawaru
Qazlal
Ru
Sif Muna
Trog
Uskayaw
Vehumet
Wu Jian
Xom
Yredelemnul
Zin
The Shining One

Shops:
D:3 [!=:   D:5 !

Annotations:
D:7 3 runed translucent doors, notthatgreg's ghost, novice FoAr
D:13 Snorg


Innate Abilities, Weirdness & Mutations

You can wield a second weapon in your off-hand.
It takes a long time for you to wield or remove held weapons.
Your first few attacks do less damage.
You cannot equip rings or amulets.
You are partially covered in large bone plates. (SH +4)
You are dopey. (Int -2)
You are strong-willed. (Will+)
You are resistant to electric shocks. (rElec)
Your muscles are strong. (Str +4, Int/Dex -1)
You expend magic power (3 MP) to strengthen your wands.


Message History

You puncture the catoblepas with the +9 spear of Ru's Supremacy!
You kill the catoblepas!
Your Earth Magic skill increases to level 2!
You start resting.
A boulder beetle is nearby!
You regained 2 hp, and now have 9/92 hp.
Okay, then.
As you read the scroll of fear, it crumbles to dust.
You assume a fearsome visage.
The boulder beetle looks frightened!
The boulder beetle leaps!
A boulder beetle is nearby!
The boulder beetle leaps!
Snorg the Insatiable comes into view.
Your iron imp disappears in a puff of smoke!
The teleport trap disappears.
The boulder beetle disappears!
A two-headed ogre comes into view.
It is wielding a +0 giant club and a +0 giant spiked club.
The two-headed ogre shouts in stereo!
You hear a shout!
The two-headed ogre hits you with a +0 giant club.
* * * LOW HITPOINT WARNING * * *
You block the two-headed ogre's attack.
You take 6 damage, and have 8/92 hp.
You barely miss the two-headed ogre with the +9 spear of Ru's Supremacy.
You barely miss the two-headed ogre with the +5 hammer of Bloody Death.
You hit the two-headed ogre with the +9 spear of Ru's Supremacy.
The two-headed ogre is lightly wounded.
You hit the two-headed ogre with the +5 hammer of Bloody Death.
The two-headed ogre is poisoned.
The two-headed ogre closely misses you.
The two-headed ogre hits you with a +0 giant spiked club.
* * * LOW HITPOINT WARNING * * *
A basilisk comes into view.
You take 3 damage, and have 6/92 hp.
The basilisk hisses angrily.
You sock the two-headed ogre with the +5 hammer of Bloody Death!
The two-headed ogre looks as sick as possible!
The two-headed ogre is moderately wounded.
You barely miss the two-headed ogre with the +9 spear of Ru's Supremacy.
Snorg bites you but does no damage. Snorg claws you but does no damage. x2
The two-headed ogre hits you with a +0 giant club!
You die...
Xom chortles!

### .....# #......#
(.###....# #......#
#.......B# #...l..#
......5..# #.T.....#
......§#.# #.......#
.#.......### ..........#
######§....######....#.###
##.........O....#.#
##..##....T@#...#.#
#...........#...#.#
#......###......# #......#
#......# ##.#.T##
........# ...!...
$...###.....#
..#......#.#..# .## .. .
...#####.#... # ..## .##.
#.##.. ..#


You could see Snorg, a two-headed ogre (extremely poisoned), a troll and a
basilisk.

Vanquished Creatures
  The ghost of ezpacito the Chopper, a journeyman CoCK of Xom (D:9)
  A catoblepas (D:13)
  3 two-headed ogres
  2 cyclopes
  2 manticores
  2 ugly things
  Joseph (D:8)
  An unseen horror (D:11)
  A komodo dragon (D:8)
  4 trolls
  A hornet (D:9)
  2 slime creatures (D:12)
  A wraith (D:9)
  10 yaks
  2 shadows
  A vampire (D:12)
  2 wyverns
  A steam dragon (D:6)
  Grum (D:8)
  A basilisk (D:8)
  2 wargs (D:11)
  6 vampire mosquitoes
  An acid dragon (D:8)
  A water moccasin (D:6)
  A black bear (D:7)
  6 ice beasts
  4 ogres
  2 wolves (D:8)
  4 centaurs
  A phantom (D:6)
  3 bullfrogs (D:8)
  2 kobold brigands
  2 gnoll sergeants
  2 scorpions (D:5)
  4 wights (D:10)
  12 killer bees
  2 bombardier beetles (D:5)
  4 howler monkeys
  A jelly (D:5)
  3 hounds
  A gnoll bouda (D:9)
  11 orc priests
  3 sleepcaps
  Ijyb (D:3)
  4 iguanas
  14 orc wizards
  15 gnolls
  6 adders
  A shadow imp (D:8)
  3 white imps
  2 ufetubi (D:5)
  2 ribbon worms
  3 dart slugs
  33 orcs
  7 ball pythons
  6 endoplasms
  5 giant cockroaches
  10 goblins
  9 hobgoblins
  6 jackals
  3 quokkas
  3 bats
  3 frilled lizards
  10 kobolds
  4 rats (D:1)
268 creatures vanquished.

Vanquished Creatures (collateral kills)
  A hydra (D:10)
  Maggie (D:8)
  2 slime creatures (D:12)
  A killer bee (D:8)
5 creatures vanquished.

Vanquished Creatures (others)
  Crazy Yiuf (D:2)
  An orc wizard (D:5)
2 creatures vanquished.

Grand Total: 275 creatures vanquished

Notes
Turn   | Place    | Note
-------+----------+-------------------------------------------
     0 | D:1      | ezpacito the Coglin Chaos Knight began the quest for the
                  | Orb.
     0 | D:1      | Reached XP level 1. HP: 18/18 MP: 1/1
    21 | D:1      | Reached skill level 1 in Dodging
    52 | D:1      | XOM: potion effect (brilliance)
    74 | D:1      | Reached XP level 2. HP: 24/24 MP: 2/2
   107 | D:1      | Found a faded altar of an unknown god.
   415 | D:1      | XOM: enchant monster (good)
   418 | D:1      | Reached XP level 3. HP: 29/29 MP: 3/3
   885 | D:2      | Identified the +9 spear of Ru's Supremacy {antimagic, rPois
                  | rF- rCorr Str+5}
  1165 | D:2      | Found a runed translucent door.
  1166 | D:2      | Noticed Crazy Yiuf
  1335 | D:2      | XOM: butterfly on damage
  1336 | D:2      | Killed Crazy Yiuf
  1336 | D:2      | XOM: divine lightning
  1337 | D:2      | Reached XP level 4. HP: 5/35 MP: 1/4
  1341 | D:2      | Identified the +5 hammer of Bloody Death {venom, Int+5}
  1512 | D:3      | Found Vyudug's Antique Armour Shoppe.
  1566 | D:3      | Reached skill level 1 in Polearms
  1627 | D:3      | Noticed Ijyb
  1631 | D:3      | Found Itzaqem's Distillery.
  1631 | D:3      | XOM: 1-stop teleportation journey
  1634 | D:3      | Killed Ijyb
  1635 | D:3      | Reached skill level 1 in Evocations
  1635 | D:3      | Reached XP level 5. HP: 20/41 MP: 2/6
  1712 | D:3      | Bought a potion of brilliance for 44 gold pieces
  1712 | D:3      | Bought a potion of curing for 33 gold pieces
  1802 | D:3      | Found Guore's Book Shop.
  1817 | D:3      | XOM: god gift: scroll labelled DEZUTHR BOLYI {god gift}
  1987 | D:3      | Found Xaebras's Jewellery Shop.
  2239 | D:4      | Reached skill level 1 in Stealth
  2239 | D:4      | Reached skill level 1 in Fire Magic
  2394 | D:4      | Reached skill level 1 in Spellcasting
  2441 | D:4      | XOM: cloud trail
  2452 | D:4      | Reached XP level 6. HP: 42/48 MP: 2/7
  2462 | D:4      | XOM: 6-stop teleportation journey
  2568 | D:4      | XOM: god gift: phantom mirror
  2895 | D:5      | Entered Level 5 of the Dungeon
  2926 | D:5      | Found a sacrificial altar of Ru.
  2990 | D:5      | Reached XP level 7. HP: 54/54 MP: 2/8
  3094 | D:5      | XOM: cleaving
  3097 | D:5      | XOM: confusion (+ monsters)
  3342 | D:5      | XOM: smoke on damage
  3350 | D:5      | XOM: divination: magic mapping
  3415 | D:5      | Found Wecaricse's Distillery.
  3424 | D:5      | Bought a potion of curing for 42 gold pieces
  3424 | D:5      | Bought a potion of curing for 42 gold pieces
  3492 | D:6      | Reached XP level 8. HP: 55/61 MP: 3/10
  3700 | D:6      | Found a staircase to the Ecumenical Temple.
  3710 | D:6      | Reached skill level 5 in Axes
  3716 | D:6      | Reached skill level 5 in Fighting
  3836 | D:6      | Reached XP level 9. HP: 61/68 MP: 4/12
  3888 | D:6      | XOM: divination: magic mapping
  4085 | D:6      | XOM: divination: detect items
  4105 | D:6      | Found a broken altar of Ashenzari.
  4144 | D:6      | XOM: god gift: scroll labelled FUQAOVE ITRA {god gift}
  4217 | Temple   | Entered the Ecumenical Temple
  4229 | D:7      | XOM: enchant monster (good)
  4297 | D:7      | XOM: draining
  4371 | D:7      | Found a runed translucent gate.
  4371 | D:7      | Found a runed translucent gate.
  4372 | D:7      | Found a runed translucent gate.
  4373 | D:7      | Noticed notthatgreg's ghost (novice FoAr)
  4386 | D:7      | XOM: silly message
  4404 | D:7      | XOM: smoke on damage
  4621 | D:7      | XOM: summons 2 hostile shadow creatures
  4739 | D:7      | XOM: smoke on damage
  4913 | D:7      | Found a shimmering blue altar of Sif Muna.
  4916 | D:7      | Found a hazy altar of Hepliaklqana.
  5095 | D:8      | Found a staircase to the Lair.
  5096 | D:8      | Noticed a komodo dragon
  5104 | D:8      | XOM: repel stairs
  5107 | D:8      | Killed a komodo dragon
  5111 | D:8      | XOM: stat loss: -1 Str (21/22)
  5128 | D:8      | Learned a level 4 spell: Fulminant Prism
  5135 | D:8      | Learned a level 6 spell: Sculpt Simulacrum
  5324 | D:8      | XOM: confusion
  5381 | D:8      | XOM: summons 5 hostile demons
  5384 | D:8      | XOM: smoke on damage
  5384 | D:8      | Paralysed by a chaos spawn for 1 turns
  5529 | D:8      | XOM: stat loss: -1 Str (21/22)
  5532 | D:8      | Reached skill level 5 in Armour
  5532 | D:8      | Reached XP level 10. HP: 54/76 MP: 4/14
  5548 | D:8      | XOM: 2-stop teleportation journey
  5694 | D:8      | XOM: give mutation
  5694 | D:8      | Gained mutation: You expend magic power (3 MP) to
                  | strengthen your wands. [Xom's mischief]
  5733 | D:8      | XOM: confusion
  5762 | D:8      | Reached skill level 1 in Alchemy
  5856 | D:8      | Noticed Grum
  5863 | D:8      | Reached skill level 5 in Dodging
  5869 | D:8      | Killed Grum
  5873 | D:8      | Lost mutation: You expend magic power (3 MP) to strengthen
                  | your wands. [potion of mutation]
  5873 | D:8      | Gained mutation: You are strong-willed. (Will+) [potion of
                  | mutation]
  5873 | D:8      | Gained mutation: You are resistant to electric shocks.
                  | (rElec) [potion of mutation]
  5875 | D:8      | XOM: noise
  6115 | D:8      | Noticed a green ugly thing
  6122 | D:8      | Killed a green ugly thing
  6257 | D:8      | Reached skill level 5 in Evocations
  6275 | D:8      | Noticed Joseph
  6277 | D:8      | XOM: summons friendly iron imp
  6278 | D:8      | XOM: summons 3 friendly demons
  6287 | D:8      | Killed Joseph
  6288 | D:8      | Reached skill level 5 in Polearms
  6581 | D:8      | Noticed Maggie
  6588 | D:8      | XOM: stat loss: -1 Int (16/17)
  6599 | D:8      | Killed Maggie
  6748 | D:7      | XOM: give mutations
  6748 | D:7      | Gained mutation: You are partially covered in large bone
                  | plates. (SH +4) [Xom's grace]
  6748 | D:7      | Gained mutation: You expend magic power (3 MP) to
                  | strengthen your wands. [Xom's grace]
  6875 | D:9      | XOM: polymorph centaur -> kobold
  6886 | D:9      | Reached XP level 11. HP: 53/83 MP: 0/16
  6981 | D:9      | Upgraded the game from 0.32-a0-893-gf85d74f360 to
                  | 0.32-a0-900-g30fb1b0edc
  7003 | D:9      | Noticed ezpacito's ghost (journeyman CoCK)
  7004 | D:9      | Found a runed translucent door.
  7179 | D:9      | Noticed a two-headed ogre
  7190 | D:9      | Killed a two-headed ogre
  7358 | D:9      | Learned a level 4 spell: Petrify
  7512 | D:9      | XOM: fog
  7696 | D:9      | Noticed a two-headed ogre
  7699 | D:9      | XOM: enchant monster (good)
  7705 | D:9      | Killed a two-headed ogre
  7955 | D:9      | Killed ezpacito's ghost
  8162 | D:10     | Entered Level 10 of the Dungeon
  8197 | D:10     | Noticed an eight-headed hydra
  8201 | D:10     | Killed an eight-headed hydra
  8202 | D:10     | Reached skill level 1 in Ice Magic
  8250 | D:10     | XOM: fog
  8263 | D:10     | Reached skill level 1 in Conjurations
  8265 | D:10     | Reached skill level 1 in Earth Magic
  8554 | D:10     | XOM: silly message
  8682 | D:10     | Learned a level 3 spell: Vampiric Draining
  8768 | D:10     | XOM: divination: detect items
  9298 | D:11     | XOM: 2-stop teleportation journey
  9360 | D:11     | XOM: silly message
  9366 | D:11     | Noticed a two-headed ogre
  9375 | D:11     | Killed a two-headed ogre
  9481 | D:11     | XOM: 1-stop teleportation journey
  9598 | D:11     | Found a staircase to the Orcish Mines.
  9835 | D:11     | XOM: cloud trail
 10145 | D:11     | XOM: silly message
 10298 | D:12     | Noticed a manticore
 10300 | D:12     | XOM: cast spell 'Alistair's Intoxication'
 10306 | D:12     | Killed a manticore
 10459 | D:12     | XOM: summons 3 friendly demons
 10463 | D:12     | Reached XP level 12. HP: 78/92 MP: 5/17
 10478 | D:12     | Reached skill level 1 in Necromancy
 10604 | D:12     | XOM: destruction
 10606 | D:12     | XOM: confuse monster(s)
 10613 | D:12     | XOM: give mutations
 10613 | D:12     | Gained mutation: You are dopey. (Int -2) [Xom's mischief]
 10613 | D:12     | Gained mutation: Your spells are a little harder to cast,
                  | but a little more powerful. [Xom's mischief]
 10613 | D:12     | Gained mutation: Your body sometimes deteriorates upon
                  | taking damage. [Xom's mischief]
 10613 | D:12     | Lost mutation: Your spells are a little harder to cast, but
                  | a little more powerful. [Xom's mischief]
 11251 | D:12     | XOM: blink monster(s)
 11393 | D:12     | XOM is BORED!
 11431 | D:12     | XOM: give mutations
 11431 | D:12     | Gained mutation: You have an increased reservoir of magic.
                  | (+10% MP) [Xom's mischief]
 11431 | D:12     | Lost mutation: Your body sometimes deteriorates upon taking
                  | damage. [Xom's mischief]
 11431 | D:12     | Gained mutation: Your muscles are strong. (Str +4, Int/Dex
                  | -1) [Xom's mischief]
 11431 | D:12     | Lost mutation: You have an increased reservoir of magic.
                  | (+10% MP) [Xom's mischief]
 11579 | D:13     | XOM: 4-stop teleportation journey
 11689 | D:13     | Noticed a catoblepas
 11690 | D:13     | Noticed a boulder beetle
 11691 | D:13     | XOM: enchant monster (good)
 11695 | D:13     | XOM: summons 2 friendly demons
 11708 | D:13     | XOM: divination: detect items
 11719 | D:13     | Learned a level 2 spell: Mercury Vapours
 11841 | D:13     | XOM: summons 4 friendly demons
 11847 | D:13     | Killed a catoblepas
 11860 | D:13     | Noticed Snorg
 11867 | D:13     | Noticed a two-headed ogre
 11872 | D:13     | Mangled by a two-headed ogre

Illustrated notes

Levels and vault maps discovered:
D:1:      spicycebolla_arrival_clurvy, layout_loops_ring, basic_ecumenical_altar
D:2:      layout_basic, serial_curves, eino_curves_03, eino_curves_04,
          uniq_crazy_yiuf_cottage
D:3:      layout_basic, serial_shops, nicolae_shop_gaudy_bauble, shop,
          nicolae_square_shop, nicolae_shop_behind_doors, minmay_liquid_box,
          uniq_ijyb
D:4:      layout_loops_ring, st_stairs_6, hangedman_decor_slide_cut
D:5:      layout_gridville, nicolae_ru_the_path_less_chosen, serial_shops, shop
D:6:      layout_basic, mainiacjoe_overflow_alcove_2,
          minmay_temple_entry_large_hall
D:7:      layout_rooms, jmf_multi_god_temple2, gammafunk_ghost_split
D:8:      nzn_winding_woodlands_medium [nzn_winding_woodlands_5x5_cross,
          nzn_winding_woodlands_5x15_river_crossing,
          nzn_winding_woodlands_5x5_default,
          nzn_winding_woodlands_5x5_checkerboard,
          nzn_winding_woodlands_center_diamonds,
          nzn_winding_woodlands_hourglass, nzn_winding_woodlands_5x5_default,
          nzn_winding_woodlands_5x15_pockets,
          nzn_winding_woodlands_5x5_closed_star], layout_gridville,
          david_lair_shrubbed, serial_glass, glass_columns_a, glass_columns_a,
          glass_columns_c, glass_columns_a, glass_columns_a, glass_columns_a,
          glass_columns_b, glass_columns_b, hangedman_abyss_or_decor_stabs,
          uniq_joseph, uniq_grum, uniq_maggie
D:9:      layout_grid_maze, gammafunk_ghost_grave, serial_rivers,
          chequers_serial_rivers_room_a, chequers_serial_rivers_large_b,
          chequers_serial_rivers_room_a, chequers_serial_rivers_small_b,
          chequers_serial_rivers_micro_b
D:10:     layout_stronghold
D:11:     layout_loops_ring, david_orc_1_choice
D:12:     layout_basic
D:13:     layout_rooms, lightli_vaults_fourway_checkpoint, uniq_snorg
Temple:   regret_index_temple_mists

Skill      XL: |  1  2  3  4  5  6  7  8  9 10 11 12 |
---------------+-------------------------------------+-----
Dodging        | 1 2 3 4 5 6 |  6.7
Armour         | 2 3 4 5 6 7 |  7.1
Polearms       | 1 2 3 4 5 6 |  6.5
Evocations     | 1 2 3 4 5 6 |  6.2
Stealth        | 1 2 3 4 |  4.0
Fire Magic     | 1 2 3 4 |  4.1
Spellcasting   | 1 2 3 4 |  4.0
Axes           | 4 5 6 7 8 |  8.2
Fighting       | 4 5 6 7 8 |  8.0
Alchemy        | 2 3 |  3.7
Ice Magic      | 1 2 |  2.1
Conjurations   | 1 2 |  2.2
Earth Magic    | 1 2 |  2.0
Necromancy     | 1 |  1.6

Action                     |  1- 3 |  4- 6 |  7- 9 | 10-12 || total
---------------------------+-------+-------+-------+-------++-------
  Melee: Hand axe          |    81 |       |       |       ||    81
         Dagger            |    73 |       |       |       ||    73
         Spear             |     5 |    75 |   202 |   353 ||   635
         Mace              |       |    56 |   162 |   285 ||   503
  Throw: Javelin           |       |       |       |     1 ||     1
  Evoke: Wand              |       |       |       |    13 ||    13
         Phantom mirror    |       |       |       |     2 ||     2
    Use: Potion            |     1 |     1 |     8 |    10 ||    20
         Scroll            |       |     6 |     1 |    18 ||    25
   Stab: Paralysed         |     3 |       |       |     5 ||     8
         Sleeping          |       |       |     2 |       ||     2
         Invisible         |       |       |     5 |       ||     5
         Distracted        |       |       |       |     2 ||     2
         Petrifying        |       |       |       |     1 ||     1
 Armour: Leather armour    |    45 |       |       |       ||    45
         Chain mail        |     3 |    13 |       |       ||    16
         Ring mail         |       |    25 |   157 |    30 ||   212
         Acid dragon scale |       |       |       |   261 ||   261
         Skin              |       |       |       |    22 ||    22
  Dodge: Dodged            |    45 |    19 |   110 |   192 ||   366
  Block: Other             |       |       |       |    36 ||    36

Table legend: (Time is in decaauts)
 A = Elapsed time spent in this place.
 B = Non-inter-level travel time spent in this place.
 C = Inter-level travel time spent in this place.
 D = Time resting spent in this place.
 E = Time spent auto-exploring this place.
 F = Levels seen in this place.
 G = Mean time per level.
                   A        B        C        D        E       F      G
               +--------+--------+--------+--------+--------+-----+--------+
         Total |  11891 |  11324 |    567 |    306 |   9142 |  14 |  849.4 |
       Dungeon |  11889 |  11323 |    566 |    306 |   9142 |  13 |  914.5 |
        Temple |      1 |      1 |      0 |      0 |      0 |   1 |    1.0 |
               +--------+--------+--------+--------+--------+-----+--------+

Top non-repeatable levels by time:
     D:8: 1673 daAuts
     D:9: 1384 daAuts
    D:12: 1346 daAuts
    D:11: 1182 daAuts
     D:7: 901 daAuts
    D:10: 839 daAuts
     D:2: 791 daAuts
     D:4: 780 daAuts
     D:6: 774 daAuts
     D:1: 708 daAuts
     D:3: 642 daAuts
     D:5: 568 daAuts
    D:13: 296 daAuts
  Temple: 1 daAuts
